 Dungeon Crawl Stone Soup version 0.24.0-1-gfbc8707122 (webtiles) character file.

Game seed: 15383080337369932361, levelgen mode: deterministic

39 tilp the Conjurer (level 3, 0/26 HPs)
             Began as a Centaur Wizard on Oct 27, 2019.
             Succumbed to an adder's poison
             ... on level 1 of the Dungeon.
             The game lasted 00:04:10 (1254 turns).

tilp the Conjurer (Centaur Wizard)                  Turns: 1254, Time: 00:04:11

Health: 0/26       AC:  6    Str: 10    XL:     3   Next: 28%
Magic:  0/6        EV:  9    Int: 17    God:
Gold:   67         SH:  0    Dex:  7    Spells: 5/6 levels left

rFire    . . .     SeeInvis .   a - +0 dagger
rCold    . . .     Gourm    .   (no shield)
rNeg     . . .     Faith    .   g - +0 robe
rPois    .         Spirit   .   j - +0 helmet
rElec    .         Reflect  .   (no cloak)
rCorr    .         Harm     .   k - +0 pair of gloves
MR       .....                  (no barding)
Stlth    +.........             (no amulet)
HPRegen  0.08/turn              (no ring)
MPRegen  0.10/turn              (no ring)

@: lethally poisoned (0 -> -3), very slightly contaminated, very quick
A: large, hooves 3, deformed body, speed 2, tough skin 3
a: no special abilities


You were on level 1 of the Dungeon.
You were hungry.

You visited 1 branch of the dungeon, and saw 2 of its levels.

You collected 67 gold pieces.

Inventory:

Hand Weapons
 a - a +0 dagger (weapon)
 m - a cursed +0 dagger
Missiles
 e - 77 stones (quivered)
 h - 16 arrows
Armour
 b - a +0 hat
 c - a +0 shield
 g - a +0 robe (worn)
 j - a +0 helmet (worn)
 k - a +0 pair of gloves (worn)
Scrolls
 i - a scroll of identify
 l - 2 scrolls of teleportation
 n - a scroll of fear
Comestibles
 d - 5 rations
 f - a chunk of flesh


   Skills:
 - Level 1.3 Dodging
 - Level 1.1 Stealth
 - Level 2.4 Spellcasting
 + Level 3.0 Conjurations
   Level 0.8 Summonings
   Level 0.8 Translocations


You had 5 spell levels left.
You knew the following spells:

 Your Spells              Type           Power        Failure   Level  Hunger
a - Magic Dart            Conj           ##..         5%          1    #......

Your spell library contained the following spells:

 Spells                   Type           Power        Failure   Level  Hunger
 Blink                    Tloc           N/A          21%         2    ##.....
 Call Imp                 Summ           #.......     21%         2    ##.....
 Slow                     Hex            #.......     28%         2    ##.....
 Conjure Flame            Conj/Fire      #.......     30%         3    ###....
 Mephitic Cloud           Conj/Pois/Air  #.......     36%         3    ###....


Dungeon Overview and Level Annotations

Branches:
Dungeon (2/15)

Altars:


Innate Abilities, Weirdness & Mutations

You have hooves in place of feet.
Armour fits poorly on your strangely shaped body.
You cover ground very quickly.
You have extremely tough skin. (AC +3)


Message History

* * * LOW HITPOINT WARNING * * *
You feel sick. The adder bites you.
* * * LOW HITPOINT WARNING * * *
You completely miss the adder.
The adder is almost dead.
The adder bites you but does no damage.
You hit the adder but do no damage.
The adder is almost dead.
* * * LOW HITPOINT WARNING * * *
You feel sick. The adder bites you but does no damage.
The adder barely misses you.
You closely miss the adder.
The adder is almost dead.
The adder bites you but does no damage.
You barely miss the adder.
The adder is almost dead.
The adder closely misses you.
You closely miss the adder. Your kick misses the adder.
The adder is almost dead.
You die...

#.............# #.#.#
#...........### #.#.# ###
#...........# #.#.#
..##########.####.#######.#.#
(........# #.# #[....(...#.#
....####.###.##############.#
#...# #...#.........).# #.#
#...#####....#########.# #.#
+...'...'......S@# #.# #.#
#...#####....##### #.# #.#
'...# #.[......# #.####.#
#...# #...####.#####.#....#
#)..# #..............#.####
#...#
#...####.#######.#.######
#...# #...# #.# #.#.#.......
##'## #...#
#.#####.#.##.####. ##.#
#...## #............####.


You could see an adder.

Vanquished Creatures
  An ooze (D:1)
  A worm (D:2)
  3 dart slugs (D:1)
  2 bats (D:1)
  2 giant cockroaches (D:1)
  4 goblins (D:1)
  2 hobgoblins
  2 jackals
  3 kobolds
  A ball python (D:1)
  4 frilled lizards (D:1)
25 creatures vanquished.

Notes
Turn   | Place    | Note
-------+----------+-------------------------------------------
     0 | D:1      | tilp the Centaur Wizard began the quest for the Orb.
     0 | D:1      | Reached XP level 1. HP: 14/14 MP: 3/3
    35 | D:1      | Reached skill level 1 in Conjurations
   327 | D:1      | Reached XP level 2. HP: 17/20 MP: 5/5
   373 | D:1      | Reached skill level 2 in Conjurations
   756 | D:1      | Reached XP level 3. HP: 19/26 MP: 1/6
  1221 | D:2      | Reached skill level 3 in Conjurations
  1251 | D:1      | HP: 1/26 [poisoned by an adder]
  1254 | D:1      | Succumbed to an adder's poison

Levels and vault maps discovered:
D:1:      ebering_trefoil_3fold, layout_basic, corexii_corridor_pit
D:2:      layout_basic, dancing_weapons_uskayaw, evilmike_ruin_ashenzari,
          first_ration, serial_curves, eino_curves_01, eino_curves_04,
          uniq_jessica

Skill      XL: |  1  2  3 |
---------------+----------+-----
Conjurations   | 1 2 3 |  3.0
Dodging        | |  1.3
Stealth        | |  1.1
Spellcasting   | |  2.4
Summonings     | |  0.8
Translocations | |  0.8

Action                   || total
-------------------------++-------
Melee: Dagger            ||   124
       Unarmed           ||     7
       Kick              ||    13
 Cast: Magic Dart        ||    21
  Use: Scroll            ||     4
       Potion            ||     1
Armor: Robe              ||    68
Dodge: Dodged            ||    59
